[ AOE2 MATCH · #506656832 ]
UnrankedLithuanians vs Britons
Rival team · LOSS
[ REPLAY ANALYSIS · EXTRACTED FROM THE RECORDED GAME ]
Feudal
13:43
Castle
—
Imperial
—
| APM avg | 48.4 |
| APM peak | 71 |
| eAPM avg | 19.5 |
| Villagers / military | 42 / 39 |
Focus
⚔️ 27.0% · 🌾 73.0%
Archer ×23 · Militia ×8 · Skirmisher ×8
Feudal
9:19
Castle
—
Imperial
—
| APM avg | 56.9 |
| APM peak | 98 |
| eAPM avg | 22.5 |
| Villagers / military | 47 / 30 |
Focus
⚔️ 34.1% · 🌾 65.9%
Archer ×18 · Scout Cavalry ×8 · Militia ×4
Match map
Initial resources + every placement click. Lines = walls · curves = elevation contours. ◆ gold · ⬟ stone · ● berries · ✦ relic · ◌ wall gap
Your base· Open — unwalled flank
Synt4x's base· ✓ Closed at 21:53 · 31t walls · no gate
Smoothed initial terrain · ◌ = detected wall gap · hover for details
Inputs per minute
— baoquanghuy1605 - - Synt4x
Build order — baoquanghuy1605
149 actions detected in the replay
| 0:01 | Queue | Villager (Male) |
| 0:01 | Queue | Villager (Male) |
| 0:01 | Queue | Villager (Male) |
| 0:02 | Build | House |
| 0:04 | Build | House |
| 0:23 | Queue | Villager (Male) |
| 0:23 | Queue | Villager (Male) |
| 0:24 | Queue | Villager (Male) |
| 1:26 | Queue | Villager (Male) |
| 2:00 | Queue | Villager (Male) |
| 2:19 | Queue | Villager (Male) |
| 2:30 | Build | Lumber Camp |
| 3:31 | Build | House |
| 3:33 | Queue | Villager (Male) |
| 4:12 | Queue | Villager (Male) |
| 4:27 | Queue | Villager (Male) |
| 4:54 | Queue | Villager (Male) |
| 5:04 | Build | Barracks |
| 5:16 | Queue | Villager (Male) |
| 5:31 | Build | House |
| 5:39 | Queue | Villager (Male) |
| 5:59 | Queue | Militia |
| 5:59 | Queue | Militia |
| 6:03 | Build | Palisade Wall |
| 6:05 | Build | Palisade Wall |
| 6:07 | Build | House |
| 6:11 | Queue | Villager (Male) |
| 6:19 | Build | Palisade Wall |
| 6:22 | Queue | Militia |
| 6:27 | Queue | Villager (Male) |
| 6:45 | Build | House |
| 6:50 | Queue | Militia |
| 6:58 | Build | House |
| 7:06 | Build | Mill |
| 7:08 | Queue | Villager (Male) |
| 7:35 | Queue | Militia |
| 7:41 | Queue | Villager (Male) |
| 7:57 | Queue | Villager (Male) |
| 8:14 | Build | Mining Camp |
| 8:20 | Queue | Villager (Male) |
| 8:49 | Queue | Villager (Male) |
| 8:51 | Build | Mill |
| 8:58 | Build | House |
| 9:02 | Build | Palisade Wall |
| 9:02 | Build | Palisade Wall |
| 9:10 | Queue | Villager (Male) |
| 9:40 | Queue | Villager (Male) |
| 9:45 | Build | Farm |
| 9:45 | Build | Farm |
| 9:58 | Build | Farm |
| 10:01 | Queue | Villager (Male) |
| 10:14 | Queue | Villager (Male) |
| 10:22 | Build | Farm |
| 10:27 | Build | Farm |
| 10:38 | Research | Loom |
| 10:45 | Build | Farm |
| 11:19 | Build | House |
| 11:33 | Research | Feudal Age |
| 11:33 | Research | Feudal Age |
| 11:39 | Build | Farm |
| 11:41 | Build | Farm |
| 11:48 | Build | House |
| 11:51 | Queue | Militia |
| 11:52 | Queue | Militia |
| 12:36 | Queue | Militia |
| 13:10 | Build | Lumber Camp |
| 13:43 | Age | Feudal Age |
| 13:46 | Research | Man-at-Arms (upgrade) |
| 13:46 | Research | Man-at-Arms (upgrade) |
| 13:52 | Queue | Villager (Male) |
| 13:54 | Build | Archery Range |
| 14:14 | Queue | Villager (Male) |
| 14:23 | Queue | Villager (Male) |
| 14:35 | Build | Archery Range |
| 14:35 | Queue | Skirmisher |
| 14:45 | Queue | Villager (Male) |
| 14:48 | Build | Blacksmith |
| 15:20 | Queue | Skirmisher |
| 15:21 | Queue | Skirmisher |
| 15:24 | Research | Fletching |
| 15:34 | Research | Double-Bit Axe |
| 15:34 | Research | Double-Bit Axe |
| 15:37 | Queue | Villager (Male) |
| 15:45 | Queue | Skirmisher |
| 15:45 | Queue | Skirmisher |
| 15:57 | Build | House |
| 16:05 | Queue | Villager (Male) |
| 16:10 | Build | Archery Range |
| 16:36 | Queue | Archer |
| 16:36 | Queue | Archer |
| 16:43 | Queue | Villager (Male) |
| 16:48 | Build | Mining Camp |
| 16:55 | Queue | Archer |
| 16:56 | Queue | Archer |
| 17:02 | Queue | Villager (Male) |
| 17:17 | Queue | Archer |
| 17:17 | Queue | Archer |
| 17:18 | Queue | Archer |
| 17:33 | Queue | Villager (Male) |
| 17:38 | Queue | Archer |
| 17:38 | Queue | Archer |
| 17:39 | Queue | Archer |
| 17:41 | Research | Padded Archer Armor |
| 17:41 | Research | Padded Archer Armor |
| 17:59 | Build | Watch Tower |
| 18:03 | Queue | Villager (Male) |
| 18:07 | Queue | Skirmisher |
| 18:07 | Queue | Skirmisher |
| 18:21 | Queue | Skirmisher |
| 18:29 | Queue | Villager (Male) |
| 18:36 | Build | Farm |
| 18:39 | Build | Farm |
| 18:40 | Build | Farm |
| 18:50 | Queue | Archer |
| 18:50 | Queue | Archer |
| 18:51 | Queue | Archer |
| 18:56 | Queue | Villager (Male) |
| 19:01 | Build | Farm |
| 19:23 | Build | Palisade Wall |
| 19:23 | Build | Palisade Wall |
| 19:24 | Build | Palisade Wall |
| 19:25 | Build | Palisade Wall |
| 19:28 | Queue | Villager (Male) |
| 19:29 | Queue | Archer |
| 19:30 | Queue | Archer |
| 20:00 | Build | House |
| 20:03 | Queue | Villager (Male) |
| 20:04 | Build | House |
| 20:05 | Research | Town Watch |
| 20:22 | Build | Watch Tower |
| 20:30 | Research | Wheelbarrow |
| 20:30 | Research | Wheelbarrow |
| 20:31 | Queue | Archer |
| 20:32 | Queue | Archer |
| 20:32 | Queue | Archer |
| 21:08 | Build | Palisade Wall |
| 21:09 | Build | Palisade Wall |
| 21:10 | Build | Palisade Wall |
| 21:31 | Build | Watch Tower |
| 21:54 | Queue | Archer |
| 21:54 | Queue | Archer |
| 21:54 | Queue | Archer |
| 21:55 | Queue | Archer |
| 22:11 | Build | House |
| 22:14 | Build | House |
| 22:19 | Queue | Villager (Male) |
| 22:21 | Build | Farm |
| 23:10 | Queue | Villager (Male) |
| 23:33 | Queue | Archer |
Build order — Synt4x
First 150 of 151 actions detected
| 0:00 | Queue | Villager (Male) |
| 0:01 | Queue | Villager (Male) |
| 0:01 | Queue | Villager (Male) |
| 0:02 | Build | House |
| 0:04 | Build | House |
| 0:14 | Queue | Villager (Male) |
| 0:14 | Queue | Villager (Male) |
| 1:26 | Build | Lumber Camp |
| 1:28 | Queue | Villager (Male) |
| 1:28 | Queue | Villager (Male) |
| 2:04 | Queue | Villager (Male) |
| 2:04 | Queue | Villager (Male) |
| 2:24 | Queue | Villager (Male) |
| 2:24 | Queue | Villager (Male) |
| 2:41 | Queue | Villager (Male) |
| 2:51 | Queue | Villager (Male) |
| 3:41 | Queue | Villager (Male) |
| 3:41 | Queue | Villager (Male) |
| 3:47 | Build | Palisade Wall |
| 3:54 | Build | House |
| 3:55 | Build | House |
| 4:32 | Queue | Villager (Male) |
| 4:58 | Queue | Villager (Male) |
| 5:03 | Build | Barracks |
| 5:19 | Queue | Villager (Male) |
| 5:49 | Queue | Villager (Male) |
| 6:04 | Build | House |
| 6:14 | Queue | Villager (Male) |
| 6:44 | Research | Loom |
| 7:03 | Research | Feudal Age |
| 7:06 | Build | Mining Camp |
| 7:17 | Queue | Militia |
| 7:17 | Queue | Militia |
| 8:01 | Build | Mill |
| 8:18 | Build | Palisade Wall |
| 8:20 | Build | Palisade Wall |
| 8:22 | Queue | Militia |
| 8:30 | Build | Palisade Wall |
| 8:32 | Build | Palisade Wall |
| 8:40 | Build | House |
| 8:41 | Build | Palisade Wall |
| 8:42 | Build | Palisade Wall |
| 8:44 | Build | House |
| 8:46 | Build | Palisade Wall |
| 9:02 | Queue | Militia |
| 9:19 | Age | Feudal Age |
| 9:23 | Research | Man-at-Arms (upgrade) |
| 9:33 | Build | Farm |
| 9:33 | Build | Farm |
| 9:34 | Build | Farm |
| 9:59 | Build | Farm |
| 10:00 | Build | Farm |
| 10:02 | Queue | Villager (Male) |
| 10:02 | Queue | Villager (Male) |
| 10:35 | Build | Archery Range |
| 10:38 | Queue | Villager (Male) |
| 10:56 | Build | House |
| 10:57 | Build | Palisade Wall |
| 11:12 | Build | Farm |
| 11:14 | Queue | Villager (Male) |
| 11:33 | Build | House |
| 11:39 | Queue | Archer |
| 11:40 | Queue | Archer |
| 11:40 | Queue | Villager (Male) |
| 11:46 | Research | Double-Bit Axe |
| 11:53 | Build | Palisade Wall |
| 12:07 | Queue | Villager (Male) |
| 12:10 | Queue | Archer |
| 12:34 | Queue | Villager (Male) |
| 12:41 | Queue | Archer |
| 12:48 | Build | Mill |
| 12:58 | Queue | Villager (Male) |
| 13:12 | Queue | Archer |
| 13:14 | Queue | Villager (Male) |
| 13:17 | Build | Farm |
| 13:35 | Queue | Archer |
| 13:43 | Build | Farm |
| 13:44 | Queue | Villager (Male) |
| 14:19 | Queue | Villager (Male) |
| 14:19 | Queue | Archer |
| 14:23 | Build | Blacksmith |
| 14:39 | Queue | Archer |
| 14:40 | Queue | Villager (Male) |
| 14:58 | Build | Farm |
| 14:58 | Build | Farm |
| 15:06 | Queue | Archer |
| 15:07 | Queue | Villager (Male) |
| 15:16 | Build | Farm |
| 15:18 | Research | Fletching |
| 15:21 | Build | House |
| 15:32 | Queue | Villager (Male) |
| 16:01 | Queue | Villager (Male) |
| 16:01 | Queue | Villager (Male) |
| 16:07 | Queue | Archer |
| 16:07 | Queue | Archer |
| 16:13 | Build | Farm |
| 16:15 | Build | Farm |
| 16:22 | Queue | Villager (Male) |
| 16:28 | Build | House |
| 16:30 | Build | Palisade Wall |
| 16:39 | Queue | Villager (Male) |
| 17:06 | Build | Stable |
| 17:13 | Queue | Villager (Male) |
| 17:27 | Queue | Archer |
| 17:27 | Queue | Archer |
| 17:29 | Queue | Villager (Male) |
| 17:32 | Build | Farm |
| 17:36 | Queue | Villager (Male) |
| 17:50 | Queue | Scout Cavalry |
| 17:54 | Build | House |
| 18:31 | Queue | Archer |
| 18:31 | Queue | Archer |
| 18:38 | Build | Watch Tower |
| 18:47 | Build | Mining Camp |
| 18:51 | Queue | Villager (Male) |
| 18:52 | Queue | Scout Cavalry |
| 18:52 | Queue | Scout Cavalry |
| 18:54 | Research | Scale Barding Armor |
| 18:55 | Build | House |
| 18:58 | Build | Farm |
| 19:01 | Build | House |
| 19:08 | Build | Farm |
| 19:09 | Queue | Villager (Male) |
| 19:17 | Queue | Scout Cavalry |
| 19:20 | Build | Farm |
| 19:25 | Build | House |
| 19:26 | Build | Palisade Wall |
| 19:27 | Queue | Villager (Male) |
| 19:55 | Queue | Villager (Male) |
| 19:58 | Build | Farm |
| 19:58 | Build | Farm |
| 19:59 | Build | Farm |
| 19:59 | Build | Farm |
| 19:59 | Build | Farm |
| 19:59 | Build | Farm |
| 19:59 | Build | Farm |
| 20:10 | Queue | Scout Cavalry |
| 20:11 | Queue | Archer |
| 20:23 | Build | Mining Camp |
| 20:25 | Queue | Villager (Male) |
| 20:30 | Queue | Archer |
| 20:38 | Queue | Villager (Male) |
| 20:40 | Queue | Scout Cavalry |
| 21:15 | Queue | Archer |
| 21:21 | Build | House |
| 21:39 | Build | Lumber Camp |
| 21:53 | Research | Castle Age |
| 22:03 | Build | Watch Tower |
| 22:18 | Build | Watch Tower |
| 22:51 | Queue | Scout Cavalry |
Match timeline
| 3:47 | Synt4x · wall_segment Palisade Wall x1 |
| 5:03 | Synt4x · first_building Barracks |
| 5:04 | baoquanghuy1605 · first_building Barracks |
| 6:03 | baoquanghuy1605 · wall_segment Palisade Wall x1 |
| 6:05 | baoquanghuy1605 · wall_segment Palisade Wall x1 |
| 6:19 | baoquanghuy1605 · wall_segment Palisade Wall x1 |
| 8:18 | Synt4x · wall_segment Palisade Wall x1 |
| 8:20 | Synt4x · wall_segment Palisade Wall x1 |
| 8:30 | Synt4x · wall_segment Palisade Wall x1 |
| 8:32 | Synt4x · wall_segment Palisade Wall x1 |
| 8:41 | Synt4x · wall_segment Palisade Wall x1 |
| 8:42 | Synt4x · wall_segment Palisade Wall x1 |
| 8:46 | Synt4x · wall_segment Palisade Wall x1 |
| 9:02 | baoquanghuy1605 · wall_segment Palisade Wall x6 |
| 9:02 | baoquanghuy1605 · wall_segment Palisade Wall x1 |
| 9:19 | Synt4x · age_up feudal |
| 10:35 | Synt4x · first_building Archery Range |
| 10:57 | Synt4x · wall_segment Palisade Wall x3 |
| 11:53 | Synt4x · wall_segment Palisade Wall x8 |
| 13:43 | baoquanghuy1605 · age_up feudal |
| 13:54 | baoquanghuy1605 · first_building Archery Range |
| 16:30 | Synt4x · wall_segment Palisade Wall x4 |
| 17:06 | Synt4x · first_building Stable |
| 19:23 | baoquanghuy1605 · wall_segment Palisade Wall x1 |
| 19:23 | baoquanghuy1605 · wall_segment Palisade Wall x1 |
| 19:24 | baoquanghuy1605 · wall_segment Palisade Wall x1 |
| 19:25 | baoquanghuy1605 · wall_segment Palisade Wall x1 |
| 19:26 | Synt4x · wall_segment Palisade Wall x8 |
| 21:08 | baoquanghuy1605 · wall_segment Palisade Wall x1 |
| 21:09 | baoquanghuy1605 · wall_segment Palisade Wall x1 |
| 21:10 | baoquanghuy1605 · wall_segment Palisade Wall x1 |
| 23:33 | Synt4x · resign |
[ AI ANALYSIS · 1 CREDIT ]
What really happened in this match?
Wolo.gg analyzes every decision: build order, eco, micro, common mistakes by bracket. Personalized analysis on WhatsApp or Discord in 30 seconds.
Civ guide
Lithuanians
Perfil
Jugador #24357949